 Dungeon Crawl Stone Soup version 0.30.1-11-g7821555f0a (webtiles) character file.

Game seed: 12064113049906841056

108 Eitelfritz the Slasher (level 4, -1/37 HPs)
             Began as a Minotaur Gladiator on Jan 5, 2024.
             Slain by an orc priest
             ... wielding a +0 short sword
              (4 damage)
             ... on level 2 of the Dungeon.
             The game lasted 00:03:35 (1669 turns).

Eitelfritz the Slasher (Minotaur Gladiator)         Turns: 1669, Time: 00:03:36

Health: -1/37      AC:  4    Str: 18    XL:     4   Next: 58%
Magic:  3/3        EV: 12    Int:  7    God:
Gold:   99         SH:  0    Dex: 12    Spells: 3/3 levels left

rFire   . . .        a - +0 long sword
rCold   . . .        (no shield)
rNeg    . . .        o - +0 leather armour
rPois   .            l - +1 hat
rElec   .            (no cloak)
rCorr   .            (no gloves)
SInv    .            (no boots)
Will    .....        (no amulet)
Stlth   +            (no ring)
HPRegen 0.26/turn    (no ring)
MPRegen 0.08/turn

%: no passive effects
@: no status effects
A: horns 2, retaliatory headbutt
a: no special abilities


You were on level 2 of the Dungeon.
You visited 1 branch of the dungeon, and saw 2 of its levels.

You collected 99 gold pieces.

Inventory:

Hand Weapons
 a - a +0 long sword (weapon)
 b - a +0 sling
Missiles
 d - 3 throwing nets (quivered)
 e - a javelin
 p - 2 boomerangs
Armour
 l - a +1 hat (worn)
 o - a +0 leather armour (worn)
Jewellery
 q - a ring of positive energy
Wands
 s - a wand of quicksilver (6)
Scrolls
 c - a scroll of magic mapping {unknown}
 f - a scroll of enchant weapon {unknown}
 g - 3 scrolls of teleportation {unknown}
 h - a scroll of summoning {unknown}
 j - 3 scrolls of identify {unknown}
 k - a scroll of blinking {unknown}
 n - a scroll of poison {unknown}
 t - a scroll of enchant armour {unknown}
 u - a scroll of torment {unknown}
Potions
 i - a potion of haste {unknown}
 m - 2 potions of curing {unknown}
 r - a potion of mutation {unknown}
 v - a potion of ambrosia {unknown}
 w - 2 potions of heal wounds {unknown}


   Skills:
 + Level 2.8 Fighting
 + Level 4.7 Long Blades
 + Level 2.0 Ranged Weapons
 + Level 2.2 Throwing
 + Level 1.8 Armour
 + Level 3.8 Dodging


You had 3 spell levels left.
You didn't know any spells.
Your spell library was empty.

Dungeon Overview and Level Annotations

Branches:
Dungeon (2/15)

Altars:
Xom

Shops:
D:1 !


Innate Abilities, Weirdness & Mutations

You have a pair of horns on your head.
You reflexively headbutt those who attack you in melee.


Message History

Found a stone staircase leading down.
There is a stone staircase leading down here.
Found a club.
b - a +0 sling (weapon)
An orc priest comes into view. It is wielding a +0 short sword.
The orc priest shouts!
You hear a shout! x3
An orc comes into view. It is wielding a +0 mace.
a - a +0 long sword (weapon)
An orc comes into view. It is wielding a +0 morningstar.
The orc shouts!
The orc priest casts a cantrip, but nothing happens.
An orc comes into view. It is wielding a +0 club.
The orc moves out of view.
An orc comes into view. It is wielding a +0 trident.
The orc priest hits you with a +0 short sword.
You barely miss the orc priest. Your headbutt misses the orc priest.
You punch the orc priest.
The orc priest is lightly wounded.
The orc priest mumbles some strange prayers to Beogh against you.
Beogh smites you!
You hit the orc priest but do no damage.
The orc priest is lightly wounded.
The orc priest hits you with a +0 short sword.
The orc barely misses you.
You completely miss the orc priest.
The orc priest is lightly wounded.
The orc hits you with a +0 mace.
The orc priest invokes the aid of Beogh against you.
Beogh smites you!
* * * LOW HITPOINT WARNING * * *
You hit the orc priest.
The orc priest is moderately wounded.
The orc priest hits you with a +0 short sword.
* * * LOW HITPOINT WARNING * * *
The orc hits you with a +0 mace.
* * * LOW HITPOINT WARNING * * *
You hit the orc priest. Your headbutt misses the orc priest.
The orc priest is heavily wounded.
The orc priest hits you with a +0 short sword.
You die...

#..#.#.#.##..>....####
.........##..........##
#.##.....###..........#
#.###.............##.)#
#.####.#.###..###.##..#
#........# #..##..##..#
######.### #..##.###..#
##'## #..##.# #..#
##...## #@# #..#
##.....###...oo.....#
##.......######o######
##.........#


.oo .'.........'.. ... ##.........####...# ###.......## ..... # ##.....## ##.##
# ##...## You could see an orc priest and 4 orcs.

Vanquished Creatures
  Natasha (twice) (D:2)
  An adder (D:2)
  3 dart slugs
  7 ball pythons
  An endoplasm (D:2)
  4 giant cockroaches
  4 goblins
  3 hobgoblins (D:2)
  2 quokkas (D:2)
  5 bats
  2 frilled lizards (D:1)
  6 kobolds
  3 rats
43 creatures vanquished.

Notes
Turn   | Place    | Note
-------+----------+-------------------------------------------
     0 | D:1      | Eitelfritz the Minotaur Gladiator began the quest for the
                  | Orb.
     0 | D:1      | Reached XP level 1. HP: 18/18 MP: 0/0
   158 | D:1      | Found Doddiam's Distillery.
   238 | D:1      | Reached XP level 2. HP: 25/25 MP: 1/1
   256 | D:1      | Reached skill level 4 in Long Blades
   898 | D:2      | Reached XP level 3. HP: 30/30 MP: 2/2
   918 | D:2      | Reached skill level 1 in Armour
   946 | D:2      | Noticed Natasha
   952 | D:2      | Killed Natasha
   953 | D:2      | Reached skill level 1 in Ranged Weapons
  1179 | D:2      | Reached XP level 4. HP: 37/37 MP: 3/3
  1187 | D:2      | Found a shimmering altar of Xom.
  1515 | D:2      | Noticed Natasha
  1527 | D:2      | Killed Natasha
  1669 | D:2      | Slain by an orc priest

Illustrated notes

Levels and vault maps discovered:
D:1:      elethiomel_arrival_shortcut, layout_loops_ring, serial_shops, shop,
          grunt_decor_junction
D:2:      layout_loops_corners, basic_altar, grunt_ministairs_13, minmay_tall_x,
          uniq_natasha

Skill      XL: |  1  2  3  4 |
---------------+-------------+-----
Long Blades    | 4 |  4.7
Armour         | 1 |  1.8
Ranged Weapons | 1 2 |  2.0
Fighting       | |  2.8
Throwing       | |  2.2
Dodging        | |  3.8

Action                     |  1- 3 |  4- 6 || total
---------------------------+-------+-------++-------
  Melee: Long sword        |    46 |    17 ||    63
         Headbutt          |    10 |     1 ||    11
         Punch             |       |     1 ||     1
   Fire: Sling             |    30 |    16 ||    46
 Armour: Leather armour    |    13 |     5 ||    18
  Dodge: Dodged            |    55 |    12 ||    67
